 Dungeon Crawl Stone Soup version 0.30-a0-760-g5a9884bb7c (webtiles) character file.

Game seed: 686636246556381603

1894 holysushi the Martial Artist (level 8, -11/45 HPs)
             Began as a Vampire Monk on Feb 11, 2023.
             Mangled by a wight
             ... wielding a +4 great sword
              (21 damage)
             ... on level 7 of the Dungeon.
             The game lasted 00:09:16 (7607 turns).

holysushi the Martial Artist (Vampire Monk)         Turns: 7607, Time: 00:09:17

Health: -11/45     AC:  0    Str: 10    XL:     8   Next: 93%
Magic:  8/8        EV: 27    Int: 12    God:
Gold:   738        SH:  0    Dex: 24    Spells: 7/7 levels left

rFire   . . .      SeeInvis +      - Unarmed
rCold   + + .      Faith    .    (shield currently unavailable)
rNeg    + + +      Spirit   .    (body armour currently unavailable)
rPois   ∞          Reflect  .    (helmet currently unavailable)
rElec   .          Harm     .    (cloak currently unavailable)
rCorr   .          Rampage  .    (gloves currently unavailable)
Will    .....                    (boots currently unavailable)
Stlth   ++++++                   (no amulet)
HPRegen 0.00/turn                (ring currently unavailable)
MPRegen 0.11/turn                (ring currently unavailable)

@: bat-form, flying, bloodless, inhibited regen, very quick
A: fast, flying, no casting, tiny, bloodless, fangs 3, see invisible, vampiric 2
a: Revivify, End Transformation


You were on level 7 of the Dungeon.
You were a vampire bat.
You visited 1 branch of the dungeon, and saw 7 of its levels.

You collected 738 gold pieces.

Inventory:

Armour
 a - a +0 robe (melded)
Jewellery
 c - a +4 ring of protection (melded)
 d - a ring of poison resistance
 m - an amulet of magic regeneration
 p - a ring of fire
 x - a ring of resist corrosion
 B - a +6 ring of strength
Wands
 r - a wand of roots (7)
Scrolls
 f - a scroll of immolation {unknown}
 g - a scroll of blinking {unknown}
 h - 4 scrolls of amnesia
 j - a scroll of fog {unknown}
 k - 2 scrolls of magic mapping {unknown}
 l - a scroll of torment {unknown}
 q - a scroll of enchant armour {unknown}
 s - a scroll of butterflies {unknown}
 t - 3 scrolls of teleportation {unknown}
 y - a scroll of noise {unknown}
Potions
 b - 3 potions of ambrosia
 e - 2 potions of magic
 i - 3 potions of attraction
 n - a potion of heal wounds
 o - 2 potions of degeneration
 u - 3 potions of curing
 v - a potion of flight {unknown}
 w - a potion of berserk rage {unknown}
 z - a potion of resistance {unknown}
 A - a potion of might {unknown}
 C - a potion of invisibility {unknown}


   Skills:
 - Level 2.6 Fighting
 + Level 7.2 Dodging
 - Level 6.4 Stealth
 - Level 10.0 Unarmed Combat
 - Level 3.0 Evocations


You had 7 spell levels left.
You didn't know any spells.
Your spell library was empty.

Dungeon Overview and Level Annotations

Branches:
Dungeon (7/15) Zot: 23834
 Temple: D:4-7

Altars:
Ashenzari
Cheibriados
Dithmenos
Fedhas
Uskayaw

Annotations:
D:3 Grinder


Innate Abilities, Weirdness & Mutations

You are a vampire bat.
You are tiny and dextrous.
You move quickly.
You are flying.
You are immune to poison.
Your equipment is almost entirely melded.
You are incapable of wielding weapons or throwing items.
You cannot cast spells.
You do not regenerate when monsters are visible.
You are frail without blood (-20% HP).
You can heal yourself when you bite living creatures.
You are immune to poison.
You have razor-sharp teeth.
You have supernaturally acute eyesight. (SInv)
You are afflicted with vampirism and can become a bat while bloodless.


Message History

C - a murky brown potion A wight comes into view.
It is wielding a +4 great sword.
A wight is nearby!
A wight is nearby!
A wight is nearby!
A wight comes into view. It is wielding a +0 mace.
A wight comes into view. It is wielding a +4 spear.
You completely miss the wight. You bite the wight, but do no damage.
You hit the wight.
The wight is lightly damaged.
The wight misses you.
You bite the wight! You bite the wight.
The wight is almost destroyed.
The wight hits you from afar with a +4 spear!
The wight barely misses you.
Okay, then.
Aiming: Fastroot
Press: ? - help, Shift-Dir - straight line, f - wight
Aim: a wight, wielding a +4 spear and wearing a +0 robe The roots erupt in riotous growth!
Roots grab the wight. x2
The grasping roots constrict the wight. x2
The wight struggles to escape constriction.
The wight escapes!
The grasping roots constrict the wight.
The wight misses you. The wight barely misses you.
You hit the wight but do no damage.
The wight is almost destroyed.
The grasping roots constrict the wight!
You destroy the wight!
You hit the wight.
The wight is almost destroyed.
The wight hits you with a +4 great sword!!
Ouch! That really hurt!
* * * LOW HITPOINT WARNING * * *
You hit the wight but do no damage.
The wight is almost destroyed.
You hear a distant slurping noise.
The wight hits you with a +4 great sword!!
You die...

#.............!..
#................
#.............#..
#..†...........#
#
########..######
.## #.......#....
#......#.....
#............
#.b...#..###
#.z...# ...#
#.)...# ...
#.....# #.....+
#.....# #.....#
#.....# #....$#


You could see a wight.

Vanquished Creatures
  Sigmund (D:4)
  2 water moccasins
  A sky beast (D:6)
  3 black bears (D:5)
  3 ogres
  A phantom (D:5)
  A kobold brigand (D:6)
  2 bullfrogs
  A scorpion (D:6)
  A wight (D:7)
  2 howler monkeys (D:5)
  2 hounds
  A jelly (D:5)
  An orc priest (D:6)
  Ijyb (D:5)
  5 iguanas
  A gnoll (D:1)
  7 adders
  A shadow imp (D:6)
  2 worms
  5 dart slugs
  10 orcs
  13 endoplasms
  5 giant cockroaches
  9 goblins
  12 hobgoblins
  3 jackals (D:1)
  11 kobolds
  5 quokkas
  11 ball pythons
  3 bats
  7 frilled lizards
  3 rats
136 creatures vanquished.

Vanquished Creatures (others)
  2 fungi (D:3)
  43 plants (D:5)
45 creatures vanquished.

Grand Total: 181 creatures vanquished

Notes
Turn   | Place    | Note
-------+----------+-------------------------------------------
     0 | D:1      | holysushi the Vampire Monk began the quest for the Orb.
     0 | D:1      | Reached XP level 1. HP: 17/17 MP: 1/1
   153 | D:1      | Reached skill level 4 in Unarmed Combat
   153 | D:1      | Reached XP level 2. HP: 23/23 MP: 2/2
   326 | D:1      | Gained mutation: You are afflicted with vampirism and can
                  | become a bat while bloodless. [Vampire growth]
   326 | D:1      | Reached XP level 3. HP: 28/28 MP: 3/3
   523 | D:1      | Reached skill level 5 in Unarmed Combat
   802 | D:1      | Identified a scroll of acquirement
   802 | D:1      | Acquired 338 gold pieces
   842 | D:2      | Reached XP level 4. HP: 16/27 MP: 4/4
  1303 | D:2      | Reached skill level 6 in Unarmed Combat
  1848 | D:3      | Found a faded altar of an unknown god.
  2086 | D:3      | Found a shadowy altar of Dithmenos.
  2098 | D:3      | Reached XP level 5. HP: 25/31 MP: 5/5
  2734 | D:4      | Noticed Grinder
  2743 | D:3      | Paralysed by Grinder for 4 turns
  2938 | D:4      | Reached skill level 7 in Unarmed Combat
  2938 | D:4      | You are sucked into a shaft and drop 3 floors!
  2966 | D:7      | Noticed a shadow
  3074 | D:6      | Noticed an ogre
  3080 | D:5      | Entered Level 5 of the Dungeon
  3088 | D:5      | Noticed Ijyb
  3092 | D:5      | Reached XP level 6. HP: 34/36 MP: 6/6
  3104 | D:5      | Killed Ijyb
  3174 | D:5      | Noticed a water moccasin
  3192 | D:5      | Found a broken altar of Ashenzari.
  3192 | D:5      | Found a hide-covered altar of Uskayaw.
  3205 | D:5      | Killed a water moccasin
  3206 | D:5      | Reached skill level 5 in Dodging
  3206 | D:5      | Reached XP level 7. HP: 10/40 MP: 7/7
  3503 | D:5      | Reached skill level 8 in Unarmed Combat
  3833 | D:5      | Identified the +0 chain mail of Servitude {rN+}
  4414 | D:5      | Reached skill level 1 in Evocations
  4438 | D:5      | Reached skill level 9 in Unarmed Combat
  5178 | D:4      | Reached XP level 8. HP: 45/45 MP: 8/8
  5199 | D:4      | Noticed Sigmund
  5210 | D:4      | Killed Sigmund
  5377 | D:4      | Reached skill level 5 in Stealth
  5844 | D:6      | Reached skill level 10 in Unarmed Combat
  6084 | D:5      | Found a broken altar of Ashenzari.
  6085 | D:5      | Found a hide-covered altar of Uskayaw.
  7290 | D:6      | Found a blossoming altar of Fedhas.
  7304 | D:6      | Found a snail-covered altar of Cheibriados.
  7607 | D:7      | Mangled by a wight

Illustrated notes

Levels and vault maps discovered:
D:1:      grunt_arrival_lava_bath, layout_basic, hangedman_feature_mirror
D:2:      layout_basic
D:3:      layout_loops_corners, nicolae_dithmenos_the_darkroom,
          shapermc_ecumenical_altar_ellora
D:4:      layout_loops_ring, uniq_sigmund, uniq_grinder
D:5:      corexii_shack_village, layout_basic, nicolae_overflow_squiral,
          kennysheep_boxes, uniq_ijyb
D:6:      layout_rooms, mainiacjoe_overflow_big_doors, bh_walls_and_bars
D:7:      layout_gridville, grunt_temple_overflow_champion_of_chaos,
          mainiacjoe_overflow_six_doors_small, grunt_temple_overflow_open,
          temple_pool_b, serial_shops, nicolae_shop_advertising_works
          [nicolae_subvault_shop_adworks], kennysheep_potato

Skill      XL: |  1  2  3  4  5  6  7  8 |
---------------+-------------------------+-----
Unarmed Combat | 4 5 6 7 9 10 | 10.0
Dodging        | 5 7 |  7.2
Evocations     | 2 3 |  3.0
Stealth        | 6 |  6.4
Fighting       | |  2.6

Action                     |  1- 3 |  4- 6 |  7- 9 || total
---------------------------+-------+-------+-------++-------
  Melee: Unarmed           |   112 |   158 |   198 ||   468
         Bite              |    14 |    24 |    30 ||    68
         Punch             |     4 |       |       ||     4
Ability: Bat Form          |     1 |       |       ||     1
         Exsanguinate      |     1 |       |       ||     1
  Evoke: Wand              |       |     8 |     1 ||     9
    Use: Scroll            |     1 |       |     6 ||     7
   Stab: Sleeping          |     6 |    18 |    15 ||    39
         Distracted        |       |     2 |     1 ||     3
 Armour: Robe              |    18 |       |       ||    18
  Dodge: Dodged            |    75 |   123 |   149 ||   347

Table legend: (Time is in decaauts)
 A = Elapsed time spent in this place.
 B = Non-inter-level travel time spent in this place.
 C = Inter-level travel time spent in this place.
 D = Time resting spent in this place.
 E = Time spent auto-exploring this place.
 F = Levels seen in this place.
 G = Mean time per level.
                   A        B        C        D        E       F      G
               +--------+--------+--------+--------+--------+-----+--------+
         Total |   5479 |   5279 |    200 |    876 |   3119 |   7 |  782.7 |
       Dungeon |   5479 |   5279 |    200 |    876 |   3119 |   7 |  782.7 |
               +--------+--------+--------+--------+--------+-----+--------+

Top non-repeatable levels by time:
     D:5: 2017 daAuts
     D:4: 838 daAuts
     D:1: 789 daAuts
     D:2: 645 daAuts
     D:3: 594 daAuts
     D:6: 529 daAuts
     D:7: 64 daAuts
